 Dungeon Crawl Stone Soup version 0.32-a0-450-g080537f31e (webtiles) character file.

Game seed: 9049736276906023961

1350 Aldia the Cudgeller (level 8, -4/64 HPs)
             Began as a Gnoll Reaver on Feb 22, 2024.
             Was an Initiate of Gozag.
             Killed from afar by an electric eel (6 damage)
             ... with a bolt of electricity
             ... on level 6 of the Dungeon on Feb 24, 2024.
             The game lasted 00:11:14 (4797 turns).

Aldia the Cudgeller (Gnoll Reaver)                  Turns: 4797, Time: 00:11:15

Health: -4/64      AC: 16    Str: 11    XL:     8   Next: 63%
Magic:  17/17      EV: 11    Int: 16    God:    Gozag
Gold:   421        SH:  0    Dex: 10    Spells: 12/19 levels left

rFire   . . .        e - +0 dagger (elec)
rCold   . . .        (no shield)
rNeg    . . .        s - +3 ring mail
rPois   .            u - +1 helmet
rElec   .            n - +2 cloak {Stlth+}
rCorr   .            (no gloves)
SInv    +            j - +1 pair of boots
Will    .....        l - amulet of regeneration
Stlth   +++          g - ring of see invisible
HPRegen 1.10/turn    (no ring)
MPRegen 0.15/turn

%: no passive effects
@: no status effects
A: fangs 1, strong nose, distributed training
a: Renounce Religion, Potion Petition, Call Merchant, Bribe Branch


You were on level 6 of the Dungeon.
You worshipped Gozag.
Gozag was aware of your devotion.
You visited 2 branches of the dungeon, and saw 7 of its levels.

You collected 489 gold pieces.
You paid 68 gold pieces to Gozag.

Inventory:

Hand Weapons
 c - a +1 hand axe of distortion
 e - a +0 dagger of electrocution (weapon)
Armour
 j - a +1 pair of boots (worn)
 n - a +2 cloak of stealth (worn)
 s - a +3 ring mail (worn)
 u - a +1 helmet (worn)
Jewellery
 g - a ring of see invisible (left hand)
 l - an amulet of regeneration (around neck)
 x - an amulet of reflection
Talismans
 C - a serpent talisman
Wands
 r - a wand of mindburst (13)
Scrolls
 b - a scroll of torment {unknown}
 d - 3 scrolls of fog {unknown}
 f - 2 scrolls of amnesia
 h - 2 scrolls of teleportation
 o - a scroll of enchant weapon {unknown}
 q - a scroll of butterflies
 v - a scroll of immolation {unknown}
 w - a scroll of silence {unknown}
 y - a scroll of brand weapon {unknown}
 B - a scroll of noise
Potions
 i - a potion of curing
 k - a potion of attraction
 p - 2 potions of haste
 t - a potion of invisibility {unknown}
 z - a potion of degeneration {unknown}


   Skills:
 + Level 5.9 Fighting
 + Level 3.5 Short Blades
 + Level 3.5 Long Blades
 + Level 3.5 Axes
 + Level 7.5 Maces & Flails
 + Level 3.5 Polearms
 + Level 3.5 Staves
 + Level 3.5 Ranged Weapons
 + Level 3.5 Throwing
 + Level 3.5 Armour
 + Level 5.9 Dodging
 + Level 3.5 Stealth
 + Level 3.5 Shields
 + Level 3.5 Unarmed Combat
 + Level 6.2 Spellcasting
 + Level 6.2 Conjurations
 + Level 2.9 Hexes
 + Level 2.9 Summonings
 + Level 2.9 Necromancy
 + Level 2.9 Translocations
 + Level 2.9 Fire Magic
 + Level 2.9 Ice Magic
 + Level 2.9 Air Magic
 + Level 2.9 Earth Magic
 + Level 2.9 Alchemy
 + Level 3.9 Invocations
 + Level 3.5 Evocations
 + Level 3.2 Shapeshifting


You had 12 spell levels left.
You knew the following spells:

 Your Spells              Type           Power      Damage    Failure   Level
a - Kiss of Death         Conj/Necr      76%        2d11      4%          1
b - Momentum Strike       Conj/Tloc      38%        3d9       7%          2
c - Hailstorm             Conj/Ice       19%        3d7       14%         3
d - Apportation           Tloc           28%        N/A       9%          1

Your spell library contained the following spells:

 Spells                   Type           Power      Damage    Failure   Level
 Call Imp                 Summ           28%        N/A       14%         2
 Jinxbite                 Hex            28%        N/A       14%         2
 Sublimation of Blood     Necr           14%        N/A       14%         2
 Petrify                  Alch/Erth      14%        N/A       65%         4
 Irradiate                Conj/Alch      9%         3d14      77%         5
 Alistair's Intoxication  Alch           9%         N/A       94%         5
 Sculpt Simulacrum        Ice/Alch       7%         N/A       100%        6
 Ozocubu's Refrigeration  Ice            7%         4d9       100%        7
 Summon Hydra             Summ           7%         N/A       100%        7
 Polar Vortex             Ice            7%         N/A       100%        9


Dungeon Overview and Level Annotations

Branches:
Dungeon (6/15)             Temple (1/1) D:4

Altars:
Dithmenos
Elyvilon
Fedhas
Gozag
Hepliaklqana
Kikubaaqudgha
Makhleb
Nemelex Xobeh
Okawaru
Qazlal
Sif Muna
Vehumet
Xom
Yredelemnul
Zin
The Shining One

Portals:
Abyss: D:6

Annotations:
D:6 2 transporters, Strat's ghost, novice MDFi


Innate Abilities, Weirdness & Mutations

You have very sharp teeth.
Your uncanny sense of smell can sniff out nearby items.
Your experience applies equally to all skills.


Message History

The electric eel is moderately wounded.
The electric eel shoots out a bolt of lightning at you!
The bolt of electricity misses you.
You closely miss the electric eel.
The electric eel is moderately wounded.
The electric eel shoots out a bolt of lightning at you!
The bolt of electricity hits you!
You closely miss the electric eel.
The electric eel is moderately wounded.
The steam dragon breathes steam at you. The ball of steam hits you!
* * * LOW HITPOINT WARNING * * *
You completely miss the electric eel.
The electric eel is moderately wounded.
You are engulfed in a cloud of scalding steam.
You barely miss the electric eel.
The electric eel is moderately wounded.
You are engulfed in a cloud of scalding steam.
The electric eel shoots out a bolt of lightning at you!
The bolt of electricity hits you!
* * * LOW HITPOINT WARNING * * *
You barely miss the electric eel.
The electric eel is moderately wounded.
The steam dragon bites you but does no damage.
The steam dragon claws you but does no damage.
Unknown command.
You barely miss the steam dragon. The steam dragon barely misses you. x2
You barely miss the electric eel.
The electric eel is moderately wounded.
The steam dragon barely misses you.
The steam dragon claws you but does no damage.
The electric eel shoots out a bolt of lightning at you!
The bolt of electricity hits you!
* * * LOW HITPOINT WARNING * * *
You hit the electric eel but do no damage.
The electric eel is moderately wounded.
The electric eel shoots out a bolt of lightning at you!
The bolt of electricity hits you.
You die...
Your body crumbles into a pile of gold.

...........##....#
...........##....#
...........##..(.###
.#....#..######...... #
.........#####..######.#
##.##.#.......$........#
.<......#............#
.......##..$~........#
...#..###.~..~..@....#
...#..##~$~.?~.DS~...~#
.#+#..#~~~..~..~..~..~~#
......#~~...~.⌠~..~..~~#
)....##~~..~..~⌠.~...~~#
.....##~~..~..~..~..~~~#
.....###~...~~..~..~~~##
.#.#.# ##.......~..~.##
.#.#.# #........


You could see a steam dragon and an electric eel.

Vanquished Creatures
  Sigmund (D:4)
  2 black bears
  A centaur (D:6)
  2 phantoms
  A bullfrog (D:3)
  A scorpion (D:6)
  An electric eel (D:6)
  A crimson imp (D:3)
  3 hounds (D:5)
  A bombardier beetle (D:6)
  Crazy Yiuf (D:3)
  An orc priest (D:6)
  Jessica (D:2)
  2 iguanas (D:6)
  Natasha (thrice) (D:3)
  Ijyb (D:3)
  2 orc wizards (D:6)
  4 gnolls (D:3)
  4 adders
  3 white imps (D:5)
  An ufetubus (D:3)
  5 dart slugs
  5 ribbon worms
  7 orcs
  6 endoplasms
  2 giant cockroaches (D:1)
  9 goblins
  7 hobgoblins
  6 jackals
  3 kobolds
  5 quokkas
  10 ball pythons
  6 bats
  2 frilled lizards
  6 rats
116 creatures vanquished.

Notes
Turn   | Place    | Note
-------+----------+-------------------------------------------
     0 | D:1      | Aldia the Gnoll Reaver began the quest for the Orb.
     0 | D:1      | Reached XP level 1. HP: 20/20 MP: 6/6
   100 | D:1      | Reached XP level 2. HP: 17/26 MP: 7/7
   198 | D:1      | Learned a level 2 spell: Momentum Strike
   345 | D:1      | Reached skill level 5 in Spellcasting
   345 | D:1      | Reached XP level 3. HP: 31/31 MP: 7/9
   349 | D:1      | Learned a level 3 spell: Hailstorm
   574 | D:1      | Reached skill level 1 in Invocations
   791 | D:2      | Found a faded altar of an unknown god.
   905 | D:2      | Reached skill level 1 in Short Blades
   905 | D:2      | Reached skill level 1 in Long Blades
   905 | D:2      | Reached skill level 1 in Axes
   905 | D:2      | Reached skill level 1 in Polearms
   905 | D:2      | Reached skill level 1 in Staves
   905 | D:2      | Reached skill level 1 in Ranged Weapons
   905 | D:2      | Reached skill level 1 in Throwing
   905 | D:2      | Reached skill level 1 in Armour
   905 | D:2      | Reached skill level 1 in Stealth
   905 | D:2      | Reached skill level 1 in Shields
   905 | D:2      | Reached skill level 1 in Unarmed Combat
   905 | D:2      | Reached skill level 1 in Evocations
  1081 | D:2      | Noticed Jessica
  1086 | D:2      | Killed Jessica
  1087 | D:2      | Reached skill level 1 in Shapeshifting
  1087 | D:2      | Reached XP level 4. HP: 38/38 MP: 11/11
  1126 | D:2      | Reached skill level 1 in Hexes
  1126 | D:2      | Reached skill level 1 in Summonings
  1126 | D:2      | Reached skill level 1 in Necromancy
  1126 | D:2      | Reached skill level 1 in Translocations
  1126 | D:2      | Reached skill level 1 in Fire Magic
  1126 | D:2      | Reached skill level 1 in Ice Magic
  1126 | D:2      | Reached skill level 1 in Air Magic
  1126 | D:2      | Reached skill level 1 in Earth Magic
  1126 | D:2      | Reached skill level 1 in Alchemy
  1407 | D:2      | Found a shimmering altar of Xom.
  1694 | D:3      | Noticed Ijyb
  1702 | D:3      | Killed Ijyb
  1703 | D:3      | Reached XP level 5. HP: 13/40 MP: 10/12
  2011 | D:3      | Noticed Natasha
  2026 | D:3      | Killed Natasha
  2086 | D:3      | Found a burning altar of Makhleb.
  2086 | D:3      | Found a radiant altar of Vehumet.
  2102 | D:3      | Reached XP level 6. HP: 50/50 MP: 14/14
  2129 | D:3      | Found a runed translucent door.
  2130 | D:3      | Noticed Crazy Yiuf
  2263 | D:3      | Reached skill level 5 in Fighting
  2263 | D:3      | Reached skill level 5 in Dodging
  2594 | D:3      | Noticed Natasha
  2598 | D:3      | Killed Natasha
  2667 | D:3      | Killed Crazy Yiuf
  2783 | D:3      | Noticed Natasha
  2798 | D:3      | Killed Natasha
  2883 | D:4      | Learned a level 1 spell: Apportation
  2938 | D:4      | Noticed Sigmund
  2946 | D:4      | Killed Sigmund
  2947 | D:4      | Reached skill level 7 in Maces & Flails
  2947 | D:4      | Reached XP level 7. HP: 54/56 MP: 15/15
  3316 | D:4      | Found a staircase to the Ecumenical Temple.
  3330 | Temple   | Entered the Ecumenical Temple
  3349 | Temple   | Upgraded the game from 0.32-a0-433-g08bcfe7efd to
                  | 0.32-a0-450-g080537f31e
  3360 | Temple   | Became a worshipper of Gozag Ym Sagoz the Greedy
  3527 | D:5      | Entered Level 5 of the Dungeon
  3645 | D:5      | Reached XP level 8. HP: 63/63 MP: 16/16
  4155 | D:5      | Found a blossoming altar of Fedhas.
  4320 | D:6      | Found a transporter.
  4326 | D:6      | Found a transporter.
  4496 | D:6      | Found a one-way gate to the infinite horrors of the Abyss.
  4498 | D:6      | Noticed a small abomination
  4506 | D:6      | Noticed Strat's ghost (novice MDFi)
  4693 | D:6      | HP: 1/64 [steam dragon] (6)]
  4796 | D:6      | HP: 1/64 [electric eel/bolt of electricity (11)]
  4797 | D:6      | Killed from afar by an electric eel

Illustrated notes

Levels and vault maps discovered:
D:1:      grunt_arrival_crossed_arrows, layout_rooms, minmay_vboxes
D:2:      layout_loops_corners, nicolae_ecumenical_pavilion, basic_altar,
          uniq_jessica
D:3:      layout_loops_ring, grunt_temple_overflow_lords_of_destruction,
          minmay_divided_ellipse, uniq_crazy_yiuf_cottage, uniq_natasha,
          uniq_ijyb
D:4:      layout_basic, temple_fountains, uniq_sigmund
D:5:      layout_basic, fedhas_altar_decomposition, minmay_hedge_maze
D:6:      cheibrodos_helix_gallery, layout_basic, gammafunk_ghost_abyssal_escape
Temple:   hellmonk_temple_forest_ring

Skill      XL: |  1  2  3  4  5  6  7  8 |
---------------+-------------------------+-----
Spellcasting   | 5 6 |  6.2
Invocations    | 1 2 3 |  3.9
Short Blades   | 1 2 3 |  3.5
Long Blades    | 1 2 3 |  3.5
Axes           | 1 2 3 |  3.5
Polearms       | 1 2 3 |  3.5
Staves         | 1 2 3 |  3.5
Ranged Weapons | 1 2 3 |  3.5
Throwing       | 1 2 3 |  3.5
Armour         | 1 2 3 |  3.5
Stealth        | 1 2 3 |  3.5
Shields        | 1 2 3 |  3.5
Unarmed Combat | 1 2 3 |  3.5
Evocations     | 1 2 3 |  3.5
Shapeshifting  | 1 2 3 |  3.2
Hexes          | 1 2 |  2.9
Summonings     | 1 2 |  2.9
Necromancy     | 1 2 |  2.9
Translocations | 1 2 |  2.9
Fire Magic     | 1 2 |  2.9
Ice Magic      | 1 2 |  2.9
Air Magic      | 1 2 |  2.9
Earth Magic    | 1 2 |  2.9
Alchemy        | 1 2 |  2.9
Fighting       | 5 |  5.9
Dodging        | 5 |  5.9
Maces & Flails | 7 |  7.5
Conjurations   | 6 |  6.2

Action                     |  1- 3 |  4- 6 |  7- 9 || total
---------------------------+-------+-------+-------++-------
  Melee: Mace              |    34 |       |       ||    34
         Bite              |     9 |    25 |    14 ||    48
         Dagger            |    94 |   242 |   151 ||   487
   Cast: Kiss of Death     |       |     1 |       ||     1
         Momentum Strike   |       |     3 |       ||     3
  Evoke: Wand              |       |     2 |     1 ||     3
    Use: Scroll            |     3 |     4 |     5 ||    12
         Potion            |       |       |     1 ||     1
   Stab: Sleeping          |     1 |     1 |     6 ||     8
         Distracted        |       |       |     1 ||     1
 Armour: Leather armour    |    91 |    17 |       ||   108
         Ring mail         |       |   147 |   151 ||   298
  Dodge: Dodged            |    94 |   142 |   106 ||   342

Table legend: (Time is in decaauts)
 A = Elapsed time spent in this place.
 B = Non-inter-level travel time spent in this place.
 C = Inter-level travel time spent in this place.
 D = Time resting spent in this place.
 E = Time spent auto-exploring this place.
 F = Levels seen in this place.
 G = Mean time per level.
                   A        B        C        D        E       F      G
               +--------+--------+--------+--------+--------+-----+--------+
         Total |   4779 |   4600 |    179 |      4 |   3455 |   7 |  682.7 |
       Dungeon |   4733 |   4579 |    154 |      4 |   3455 |   6 |  788.8 |
        Temple |     45 |     20 |     25 |      0 |      0 |   1 |   45.0 |
               +--------+--------+--------+--------+--------+-----+--------+

Top non-repeatable levels by time:
     D:3: 1168 daAuts
     D:2: 880 daAuts
     D:1: 786 daAuts
     D:5: 774 daAuts
     D:4: 649 daAuts
     D:6: 473 daAuts
  Temple: 45 daAuts
